 Dungeon Crawl Stone Soup version 0.31-a0-193-gdfe2569204 (webtiles) character file.

Game seed: 819158061492503380

3980 qw the Skirmisher (level 10, -1/60 HPs)
             Began as a Deep Elf Hunter on June 23, 2023.
             Was an Initiate of Okawaru.
             Killed from afar by an efreet (11 damage)
             ... with a bolt of fire
             ... on level 7 of the Dungeon.
             The game lasted 00:03:43 (7930 turns).

qw the Skirmisher (Deep Elf Hunter)                 Turns: 7930, Time: 00:03:43

Health: -1/60      AC: 16    Str: 12    XL:     10   Next: 2%
Magic:  12/12      EV: 17    Int: 15    God:    Okawaru [......]
Gold:   457        SH:  0    Dex: 24    Spells: 9/9 levels left

rFire   . . .        Y - +1 shortbow
rCold   + . .        (shield currently unavailable)
rNeg    . . .        l - +4 ring mail {rC+}
rPois   +            g - +2 hat
rElec   .            (no cloak)
rCorr   .            e - +2 pair of gloves
SInv    .            b - +1 pair of boots
Will    +....        (no amulet)
Stlth   ++           h - ring of poison resistance
HPRegen 0.30/turn    n - +6 ring of dexterity
MPRegen 0.13/turn

%: no passive effects
@: about to teleport
A: no striking features
a: Renounce Religion


You were on level 7 of the Dungeon.
You worshipped Okawaru.
Okawaru was noncommittal.
You visited 2 branches of the dungeon, and saw 8 of its levels.

You collected 764 gold pieces.
You spent 307 gold pieces at shops.


   Skills:
 + Level 5.9 Fighting
 - Level 14.0 Ranged Weapons
 - Level 2.1 Armour
 - Level 9.0 Dodging
 - Level 1.2 Stealth


You had 9 spell levels left.
You didn't know any spells.
Your spell library was empty.

Inventory:

Hand Weapons
 Y - a +1 shortbow (weapon)
Armour
 b - a +1 pair of boots (worn)
 e - a +2 pair of gloves (worn)
 g - a +2 hat (worn)
 l - a +4 ring mail of cold resistance (worn)
 m - a +2 scale mail of poison resistance
Jewellery
 c - a ring of protection from cold
 f - a ring of protection from fire
 h - a ring of poison resistance (left hand)
 n - a +6 ring of dexterity (right hand)
Wands
 i - a wand of digging (4)
Scrolls
 a - 2 scrolls of identify
Potions
 d - a potion of curing
 j - a potion of mutation
 o - a potion of might

Dungeon Overview and Level Annotations

Branches:
Dungeon (7/15)             Temple (1/1) D:6

Altars:
Ashenzari
Cheibriados
Dithmenos
Elyvilon
Fedhas
Gozag
Hepliaklqana
Kikubaaqudgha
Makhleb
Nemelex Xobeh
Okawaru
Qazlal
Ru
Sif Muna
Trog
Uskayaw
Vehumet
Wu Jian
Xom
Yredelemnul
Zin

Shops:
D:3 [   D:5 [[[[=   D:7 (

Annotations:
D:2 1 runed translucent door, Crazy Yiuf


Message History

Okawaru is honoured by your kill.
The centaur shoots an arrow.
The arrow closely misses you. The white imp closely misses you.
The efreet closely misses you.
You have reached level 10!
You shoot an arrow. The arrow hits the efreet.
The efreet is lightly wounded.
The centaur shoots an arrow.
The arrow hits you.
You shoot an arrow. The arrow completely misses the efreet.
The white imp closely misses you.
The efreet hits you with a +1 scimitar of flaming.
The efreet burns you.
The centaur shoots an arrow.
The arrow misses you.
You shoot an arrow. The arrow barely misses the efreet.
The centaur shoots an arrow.
The arrow hits you but does no damage. The white imp hits you.
The white imp freezes you. You resist.
The efreet hits you with a +1 scimitar of flaming.
The efreet burns you.
You shoot an arrow.
The arrow hits the efreet but does no damage.
The efreet is lightly wounded.
The centaur shoots an arrow.
The arrow hits you but does no damage. The white imp misses you.
The efreet hits you with a +1 scimitar of flaming!
The efreet burns you.
The centaur shoots an arrow.
The arrow closely misses you.
You shoot an arrow.
The arrow hits the efreet but does no damage.
The efreet is lightly wounded.
The centaur shoots an arrow.
The arrow barely misses you. The white imp gestures at you.
The puff of frost misses you.
The efreet hits you with a +1 scimitar of flaming!
The efreet burns you.
7930 ||| READING scroll of teleportation.
As you read the scroll of teleportation, it crumbles to dust.
You feel strangely unstable.
The centaur shoots an arrow.
The arrow barely misses you. The white imp gestures at you.
The puff of frost misses you. The efreet gestures at you.
The bolt of fire hits you!
You die...

#.##'###...########
#.#..........######
#.#..........'.....
#.#..........######
#............#
#..#'#########
##'###>.#.####
......5......###########
.....c(@.<..............
..8...R##.#######.......
....... #%# #.......
....... #.# #...?...
##'###. #.# #..<.... #[
#. ..# #....... . ## ###
#....... #.......
#.......


You could see an efreet, a centaur and a white imp.

Vanquished Creatures
  Pikel (D:6)
  A cyclops (D:7)
  Sigmund (D:6)
  A wyvern (D:5)
  3 water moccasins
  2 black bears
  An orc warrior (D:7)
  3 ogres
  A phantom (D:5)
  A lemure (D:6)
  A kobold brigand (D:6)
  A bullfrog (D:6)
  3 scorpions
  8 wights (D:6)
  A howler monkey (D:4)
  3 orc priests
  7 hounds
  4 jellies
  Jessica (D:3)
  Natasha (twice) (D:2)
  10 iguanas
  2 sleepcaps
  Ijyb (D:3)
  2 orc wizards (D:5)
  Robin (D:2)
  11 adders
  A shadow imp (D:5)
  3 white imps
  An ufetubus (D:6)
  4 worms
  5 dart slugs
  18 orcs
  5 bats
  3 endoplasms
  6 giant cockroaches
  20 goblins
  7 hobgoblins
  4 jackals
  7 quokkas
  5 ball pythons
  3 frilled lizards (D:2)
  12 kobolds
  8 rats
185 creatures vanquished.

Notes
Turn   | Place    | Note
-------+----------+-------------------------------------------
     0 | D:1      | qw the Deep Elf Hunter began the quest for the Orb.
     0 | D:1      | Reached XP level 1. HP: 12/12 MP: 3/3
     0 | D:1      | 0 ||| qw: Version: 0.3-a-9-g12657ce
     0 | D:1      | 0 ||| qw: Game counter: 4635
     0 | D:1      | 0 ||| qw: Always use a shield: true
     0 | D:1      | 0 ||| qw: God list: Okawaru
     0 | D:1      | 0 ||| qw: Allow faded altars: false
     0 | D:1      | 0 ||| qw: Do Orc after D:15 true
     0 | D:1      | 0 ||| qw: Do second Lair branch before Depths: true
     0 | D:1      | 0 ||| qw: Lair rune preference: random
     0 | D:1      | 0 ||| qw: Plans: Normal
     0 | D:1      | 0 ||| PLANNING D:1-11
    74 | D:1      | Found a faded altar of an unknown god.
    89 | D:1      | Reached XP level 2. HP: 16/16 MP: 4/4
   181 | D:1      | Reached skill level 6 in Ranged Weapons
   202 | D:1      | 202 ||| FLEEEEING.
   203 | D:1      | 203 ||| FLEEEEING.
   465 | D:1      | 465 ||| FLEEEEING.
   466 | D:1      | 466 ||| FLEEEEING.
   467 | D:1      | 467 ||| FLEEEEING.
   468 | D:1      | 468 ||| FLEEEEING.
   469 | D:1      | 469 ||| FLEEEEING.
   476 | D:1      | 476 ||| FLEEEEING.
   483 | D:1      | 483 ||| FLEEEEING.
   484 | D:1      | 484 ||| FLEEEEING.
   546 | D:1      | Reached XP level 3. HP: 20/20 MP: 5/5
   640 | D:1      | 640 ||| UPGRADING to +0 ring mail.
   650 | D:1      | 650 ||| DROPPING +0 leather armour.
   651 | D:1      | 651 ||| UPGRADING to ring of protection from fire.
   652 | D:1      | 652 ||| READING 2 scrolls labelled VUGEABUG UNAEB.
   653 | D:1      | 653 ||| READING scroll labelled BAUWKICL PURISETI.
   654 | D:1      | 654 ||| READING scroll labelled XIALEC KYEL.
   755 | D:1      | 755 ||| READING scroll labelled WOS ZUVEGOQ.
   758 | D:1      | 758 ||| READING scroll labelled PUJISHAUWK.
   759 | D:1      | 759 ||| READING scroll labelled SIPLACS HONI.
   760 | D:1      | 760 ||| DROPPING scroll of butterflies.
   775 | D:2      | 775 ||| STAIRDANCE
   901 | D:2      | Reached skill level 7 in Ranged Weapons
   924 | D:2      | Noticed Natasha
   928 | D:2      | Killed Natasha
   929 | D:2      | Reached XP level 4. HP: 16/25 MP: 6/6
   993 | D:2      | Noticed Robin
  1006 | D:2      | HP: 5/25 [Robin/+0 short sword (4)]
  1008 | D:2      | Killed Robin
  1009 | D:2      | HP: 2/25 [goblin/+0 dagger[Robin] (3)]
  1025 | D:2      | 1025 ||| FLEEEEING.
  1026 | D:2      | 1026 ||| FLEEEEING.
  1027 | D:2      | 1027 ||| FLEEEEING.
  1028 | D:2      | 1028 ||| FLEEEEING.
  1036 | D:2      | 1036 ||| FLEEEEING.
  1037 | D:2      | 1037 ||| FLEEEEING.
  1038 | D:2      | 1038 ||| FLEEEEING.
  1039 | D:2      | 1039 ||| FLEEEEING.
  1040 | D:2      | 1040 ||| FLEEEEING.
  1041 | D:2      | 1041 ||| FLEEEEING.
  1042 | D:2      | 1042 ||| FLEEEEING.
  1045 | D:2      | 1045 ||| FLEEEEING.
  1046 | D:2      | 1046 ||| FLEEEEING.
  1047 | D:2      | 1047 ||| FLEEEEING.
  1048 | D:2      | 1048 ||| FLEEEEING.
  1049 | D:2      | 1049 ||| FLEEEEING.
  1060 | D:2      | 1060 ||| FLEEEEING.
  1061 | D:2      | 1061 ||| FLEEEEING.
  1063 | D:2      | Noticed Natasha
  1071 | D:2      | 1071 ||| FLEEEEING.
  1074 | D:2      | Killed Natasha
  1075 | D:2      | Reached skill level 8 in Ranged Weapons
  1076 | D:2      | 1076 ||| FLEEEEING.
  1077 | D:2      | 1077 ||| FLEEEEING.
  1078 | D:2      | 1078 ||| FLEEEEING.
  1079 | D:2      | 1079 ||| FLEEEEING.
  1081 | D:2      | 1081 ||| FLEEEEING.
  1082 | D:2      | 1082 ||| FLEEEEING.
  1083 | D:2      | 1083 ||| FLEEEEING.
  1084 | D:2      | 1084 ||| FLEEEEING.
  1085 | D:2      | 1085 ||| FLEEEEING.
  1086 | D:2      | 1086 ||| FLEEEEING.
  1089 | D:2      | 1089 ||| FLEEEEING.
  1090 | D:2      | 1090 ||| FLEEEEING.
  1091 | D:2      | 1091 ||| FLEEEEING.
  1093 | D:2      | 1093 ||| FLEEEEING.
  1094 | D:2      | 1094 ||| FLEEEEING.
  1117 | D:2      | Found a shimmering altar of Xom.
  1315 | D:2      | Reached XP level 5. HP: 27/29 MP: 7/7
  1434 | D:2      | Found a runed translucent door.
  1435 | D:2      | Noticed Crazy Yiuf
  1666 | D:2      | 1666 ||| UPGRADING to +0 helmet.
  1671 | D:2      | 1671 ||| UPGRADING to +0 pair of gloves.
  1676 | D:2      | 1676 ||| UPGRADING to ring of protection from fire.
  1677 | D:2      | 1677 ||| DROPPING ring of magical power.
  1678 | D:2      | 1678 ||| READING scroll labelled IROKHOF VACRO.
  1730 | D:2      | 1730 ||| READING scroll labelled DODWIO CINKOXAOD.
  1731 | D:2      | 1731 ||| DRINKING 2 sedimented green potions.
  1732 | D:2      | 1732 ||| READING 2 scrolls of identify.
  1732 | D:2      | 1732 ||| IDENTIFYING fuming yellow potion
  1733 | D:2      | 1733 ||| DROPPING potion of invisibility.
  1746 | D:3      | Noticed Jessica
  1748 | D:3      | Killed Jessica
  1886 | D:3      | Reached skill level 9 in Ranged Weapons
  1923 | D:3      | Noticed Ijyb
  1953 | D:3      | Killed Ijyb
  1980 | D:3      | 1980 ||| READING scroll of enchant armour.
  1980 | D:3      | 1980 ||| ENCHANTING +0 pair of gloves.
  2042 | D:3      | Found Mezajaif's Antique Armour Shop.
  2051 | D:3      | 2051 ||| UPGRADING to +4 ring mail of cold resistance.
  2063 | D:3      | 2063 ||| DROPPING +0 ring mail.
  2371 | D:3      | 2371 ||| DROPPING ring of fire.
  2372 | D:3      | 2372 ||| UPGRADING to +6 ring of dexterity.
  2374 | D:3      | 2374 ||| DROPPING ring of protection from fire.
  2375 | D:3      | 2375 ||| READING scroll labelled LITEES TUZ ATO.
  2376 | D:3      | 2376 ||| DRINKING 2 fuming brown potions.
  2377 | D:3      | 2377 ||| READING 3 scrolls of identify.
  2377 | D:3      | 2377 ||| IDENTIFYING bubbling amethyst potion
  2378 | D:3      | 2378 ||| READING 2 scrolls of identify.
  2378 | D:3      | 2378 ||| IDENTIFYING metallic black potion
  2379 | D:3      | 2379 ||| DROPPING potion of degeneration.
  2380 | D:3      | 2380 ||| DROPPING potion of lignification.
  2647 | D:4      | Reached skill level 3 in Dodging
  2647 | D:4      | Reached XP level 6. HP: 11/35 MP: 8/8
  3096 | D:4      | Found a blossoming altar of Fedhas.
  3098 | D:4      | Found a stormy altar of Qazlal.
  3618 | D:4      | 3618 ||| DROPPING scarf of invisibility.
  3619 | D:4      | 3619 ||| READING scroll labelled TEZXA SUESHRIL.
  3625 | D:4      | 3625 ||| Stepping ~*~*~tactically~*~*~ (cloud).
  3745 | D:5      | Entered Level 5 of the Dungeon
  3765 | D:5      | Identified the +9 short sword of Intuition {drain, rF+ rC+
                  | Dex+2 Stlth-}
  3941 | D:5      | Reached XP level 7. HP: 40/40 MP: 9/9
  3953 | D:5      | Reached skill level 10 in Ranged Weapons
  4048 | D:5      | Noticed a wyvern
  4058 | D:5      | Killed a wyvern
  4066 | D:5      | HP: 10/40 [iguana (4)]
  4067 | D:5      | 4067 ||| DRINKING potion of heal wounds.
  4070 | D:5      | Reached skill level 11 in Ranged Weapons
  4085 | D:5      | 4085 ||| READING scroll of enchant armour.
  4085 | D:5      | 4085 ||| ENCHANTING +1 pair of gloves.
  4142 | D:5      | Found Geptubed's Jewellery Boutique.
  4146 | D:5      | Found Lefir's Armour Shoppe.
  4146 | D:5      | Found Xyesihe's Antique Armour Emporium.
  4148 | D:5      | Found Rixoma Soips's Antique Armour Shoppe.
  4148 | D:5      | Found Lukixomn's Armour Boutique.
  4152 | D:5      | 4152 ||| BUYING +0 pair of boots (67 gold).
  4152 | D:5      | Bought a +0 pair of boots for 67 gold pieces
  4152 | D:5      | 4152 ||| BUYING +2 hat (240 gold).
  4152 | D:5      | Bought a +2 hat for 240 gold pieces
  4154 | D:5      | 4154 ||| SHOPLISTING embroidered cloak (217 gold, have 2).
  4156 | D:5      | 4156 ||| SHOPLISTING pair of embroidered gloves (225 gold,
                  | have 2).
  4186 | D:5      | 4186 ||| SHOPLISTING amulet of faith (480 gold, have 2).
  4186 | D:5      | 4186 ||| SHOPLISTING amulet of regeneration (360 gold, have
                  | 2).
  4186 | D:5      | 4186 ||| SHOPLISTING ring of poison resistance (240 gold,
                  | have 2).
  4186 | D:5      | 4186 ||| SHOPLISTING ring of protection from cold (300
                  | gold, have 2).
  4393 | D:5      | Reached XP level 8. HP: 24/44 MP: 10/10
  4630 | D:5      | Reached skill level 12 in Ranged Weapons
  4719 | D:5      | Reached skill level 3 in Fighting
  4907 | D:5      | 4907 ||| Stepping ~*~*~tactically~*~*~ (outnumbered).
  5274 | D:5      | 5274 ||| UPGRADING to +0 pair of boots.
  5279 | D:5      | 5279 ||| UPGRADING to +2 hat.
  5289 | D:5      | 5289 ||| DROPPING +0 helmet.
  5290 | D:5      | 5290 ||| UPGRADING to ring of poison resistance.
  5292 | D:5      | 5292 ||| READING scroll labelled KINNUJ YTUL.
  5293 | D:5      | 5293 ||| READING 2 scrolls labelled HIUTOVOIRAKH.
  5294 | D:5      | 5294 ||| READING scroll labelled LUXADDOZEB.
  5295 | D:5      | 5295 ||| READING 4 scrolls of identify.
  5295 | D:5      | 5295 ||| IDENTIFYING fuming ruby potion
  5296 | D:5      | 5296 ||| READING 3 scrolls of identify.
  5296 | D:5      | 5296 ||| IDENTIFYING bubbling white potion
  5297 | D:5      | 5297 ||| DROPPING scroll of revelation.
  5383 | D:6      | Reached skill level 13 in Ranged Weapons
  5403 | D:6      | 5403 ||| Stepping ~*~*~tactically~*~*~ (outnumbered).
  5408 | D:6      | 5408 ||| Stepping ~*~*~tactically~*~*~ (outnumbered).
  5417 | D:6      | Noticed Sigmund
  5441 | D:6      | Killed Sigmund
  5443 | D:6      | 5443 ||| FLEEEEING.
  5444 | D:6      | 5444 ||| FLEEEEING.
  5445 | D:6      | 5445 ||| FLEEEEING.
  5446 | D:6      | 5446 ||| FLEEEEING.
  5447 | D:6      | 5447 ||| FLEEEEING.
  5448 | D:6      | 5448 ||| FLEEEEING.
  5449 | D:6      | 5449 ||| FLEEEEING.
  5450 | D:6      | 5450 ||| FLEEEEING.
  5451 | D:6      | 5451 ||| FLEEEEING.
  5452 | D:6      | 5452 ||| FLEEEEING.
  5453 | D:6      | 5453 ||| FLEEEEING.
  5454 | D:6      | 5454 ||| FLEEEEING.
  5455 | D:6      | 5455 ||| FLEEEEING.
  5456 | D:6      | 5456 ||| FLEEEEING.
  5457 | D:6      | 5457 ||| FLEEEEING.
  5515 | D:6      | Reached skill level 14 in Ranged Weapons
  5515 | D:6      | Reached XP level 9. HP: 48/50 MP: 11/11
  5528 | D:6      | Noticed Pikel
  5548 | D:6      | HP: 12/50 [lemure[Pikel] (7)]
  5549 | D:6      | 5549 ||| DRINKING potion of heal wounds.
  5551 | D:6      | Killed Pikel
  5664 | D:6      | 5664 ||| READING scroll of enchant armour.
  5664 | D:6      | 5664 ||| ENCHANTING +0 pair of boots.
  5889 | D:6      | Found a staircase to the Ecumenical Temple.
  5890 | D:6      | 5890 ||| PLANNING TEMPLE
  5996 | Temple   | Entered the Ecumenical Temple
  6011 | Temple   | 6011 ||| PLANNING OKAWARU WORSHIP
  6691 | Temple   | Became a worshipper of Warmaster Okawaru
  6692 | Temple   | 6692 ||| PLANNING D:1-11
  7267 | D:6      | 7267 ||| DRINKING 2 black potions.
  7268 | D:6      | 7268 ||| DROPPING potion of attraction.
  7319 | D:7      | Found Vuots's Weapon Shop.
  7349 | D:7      | Reached skill level 9 in Dodging
  7907 | D:7      | Noticed a cyclops
  7911 | D:7      | Noticed an efreet
  7924 | D:7      | Killed a cyclops
  7925 | D:7      | Reached XP level 10. HP: 49/60 MP: 12/12
  7929 | D:7      | HP: 11/60 [efreet/+1 scimitar of flaming (7)]
  7930 | D:7      | 7930 ||| READING scroll of teleportation.
  7930 | D:7      | Killed from afar by an efreet

Levels and vault maps discovered:
D:1:      nicolae_arrival_washed_ashore, layout_basic,
          shapermc_ecumenical_altar_pompeii, interstate_on_off
D:2:      layout_basic, basic_altar, corexii_item_surrounded_by_moat,
          grunt_ministairs_10, minmay_increasing_density,
          uniq_crazy_yiuf_cottage, uniq_natasha, uniq_robin
D:3:      layout_loops_ring, serial_shops, nicolae_shop_waterfront, uniq_ijyb,
          uniq_jessica
D:4:      nicolae_cairo_tiling_large, layout_loops_ring,
          grunt_temple_overflow_forces_of_nature, serial_bayou,
          serial_bayou_ford_a, serial_bayou_lake_a, serial_bayou_lagoon_a,
          serial_bayou_pond_c, kennysheep_generic_room_10
D:5:      minmay_polygon_palace, layout_loops_corners,
          minmay_misc_feat_four_crosses, nicolae_wooded_promenade,
          kennysheep_generic_room_5
D:6:      layout_gridville, minmay_temple_entry_crystal_x, grunt_ministairs_11,
          uniq_pikel, uniq_sigmund
D:7:      layout_basic, serial_shops, nicolae_shop_just_a_little_nook,
          nrook_campfire, minmay_three_doors
Temple:   compressed_dpeg_triangle_lava_temple

Skill      XL: |  1  2  3  4  5  6  7  8  9 |
---------------+----------------------------+-----
Ranged Weapons | 6 7 8 9 11 14 | 14.0
Fighting       | 2 3 5 |  5.9
Dodging        | 3 4 5 9 |  9.0
Armour         | 2 |  2.1
Stealth        | |  1.2

Action                     |  1- 3 |  4- 6 |  7- 9 | 10-12 || total
---------------------------+-------+-------+-------+-------++-------
   Fire: Shortbow          |    93 |   218 |   452 |     5 ||   768
    Use: Scroll            |     6 |     8 |     7 |     1 ||    22
         Potion            |       |     2 |     3 |       ||     5
 Armour: Leather armour    |     1 |       |       |       ||     1
         Ring mail         |     4 |    55 |    88 |     2 ||   149
  Dodge: Dodged            |    15 |    38 |   142 |     8 ||   203

Table legend:
 A = Non-vault XP
 B = Vault XP
 C = Vault XP percentage of total XP
 D = Non-vault monster count
 E = Vault monster count
 F = Vault count percentage of total count
                 A         B        C        D         E       F
            +---------+---------+-------+---------+---------+-------
      Total |    3111 |    2575 |  45.3 |     136 |      48 |  26.1
            +---------+---------+-------+---------+---------+-------
        D:1 |      45 |       2 |   4.3 |      25 |       1 |   3.8
        D:2 |      97 |      90 |  48.1 |      23 |      20 |  46.5
        D:3 |      37 |      72 |  66.1 |      10 |       2 |  16.7
        D:4 |     335 |       0 |   0.0 |      13 |       0 |   0.0
        D:5 |     765 |     802 |  51.2 |      24 |      20 |  45.5
        D:6 |    1480 |    1075 |  42.1 |      29 |       4 |  12.1
        D:7 |     352 |     534 |  60.3 |      12 |       1 |   7.7
            +---------+---------+-------+---------+---------+-------
